cohdb
Replays
Latest Replays
All Replays
Popular Replays
Top Player Replays
Match Explorer
How It Works
Community
CoH3 Stats
Reddit
Sign in to upload your games and track your stats! →
Sign in with Steam
Match 45563448
Unlisted
Match 45563448
Overview
Messages
Build Orders
End
Selects Mechanized Battlegroup
Construct Infanterie Kompanie
Grenadier Squad
Grenadier Squad
MG 42 Machine Gun Team
Construct Luftwaffe Kompanie
Selects Mobile Repair Stations
Luftwaffe Officer Quarters
221 Scout Car
Flak 30 Anti-aircraft Gun Team
Selects Wespe Self-propelled Artillery
Wespe Self-propelled Artillery
Jäger Squad
Medical Station
Wespe Self-propelled Artillery
221 Scout Car
Jäger Squad
221 Scout Car
Construct Panzer Kompanie
Selects Raid Package
Selects StuG Assault Group
Kettenkrad Recon Vehicle
Jäger Squad
Drink||Chouchen
aoligeigei
Demion69
Seiun Sky
Ginka
楠子
0
0
Comments
sign in to comment!
No comments posted yet!